 Dungeon Crawl Stone Soup version 0.32-a0-540-g866d13106e (console) character file.

Game seed: 17664566771973959690

699 petzl the Magician (level 7, -4/49 (56) HPs)
             Began as a Formicid Delver on Feb 29, 2024.
             Succumbed to a cane toad's poison
             ... on level 9 of the Dungeon.
             The game lasted 00:32:47 (6014 turns).

petzl the Magician (Formicid Delver)                Turns: 6014, Time: 00:32:47

HP:   -4/49 (56)    AC:  4    Str: 17    XL:     7   Next: 97%
MP:   25/25         EV: 12    Int: 11    God:
Gold: 1391          SH:  0    Dex: 15    Spells: 15/18 levels left

rFire   + . .        a - +2 morningstar (freeze)
rCold   + . .        (no shield)
rNeg    . . .        b - +0 leather armour
rPois   .            (helmet unavailable)
rElec   .            h - scarf {rC+ rF+}
rCorr   .            q - +0 pair of gloves
SInv    +            (no boots)
Will    .....        (no amulet)
Stlth   +++          g - ring of magical power
HPRegen 0.28/turn    (no ring)
MPRegen 0.19/turn

%: no passive effects
@: lethally poisoned (-4 -> -33), heavily drained
A: permanent stasis, dig shafts and tunnels, antennae 3, four strong arms
a: Dig, Shaft Self


You were on level 9 of the Dungeon.
You visited 1 branch of the dungeon, and saw 14 of its levels.
You also visited: Ossuary.

You collected 1465 gold pieces.
You spent 74 gold pieces at shops.

Inventory:

Hand Weapons
 a - a +2 morningstar of freezing (weapon)
 e - a +3 spear of draining {!f =f}
 u - a +0 mace
 v - a +0 quarterstaff
Missiles
 k - 7 boomerangs (quivered)
 z - a curare-tipped dart
Armour
 b - a +0 leather armour (worn)
 h - a scarf of resistance (worn)
 q - a +0 pair of gloves (worn)
Jewellery
 g - a ring of magical power (left hand)
 p - an amulet of faith
Wands
 f - a wand of digging (5)
 A - a wand of mindburst (5)
Scrolls
 c - a scroll of fog
 m - a scroll of butterflies
 r - 2 scrolls of vulnerability
 w - 2 scrolls of immolation
 D - a scroll of fear
Potions
 d - 2 potions of degeneration {unknown}
 i - a potion of invisibility {unknown}
 j - a potion of lignification
 l - 4 potions of curing {unknown}
 o - a potion of might
 s - 3 potions of brilliance {unknown}
 t - a potion of ambrosia
 x - 2 potions of enlightenment {unknown}
 B - a potion of berserk rage {unknown}
 C - a potion of attraction {unknown}
 F - 2 potions of heal wounds


   Skills:
 - Level 5.0 Fighting
 + Level 2.0 Maces & Flails
 - Level 1.7 Dodging
 - Level 6.0 Stealth
 + Level 6.3 Spellcasting
 + Level 3.3 Ice Magic


You had 15 spell levels left.
You knew the following spells:

 Your Spells              Type           Power      Damage    Failure   Level
A - Ozocubu's Armour      Ice            10%        N/A       19%         3

Your spell library contained the following spells:

 Spells                   Type           Power      Damage    Failure   Level
 Dazzling Flash           Conj/Hex       6%         N/A       56%         3
 Tukima's Dance           Hex            3%         N/A       56%         3
 Volatile Blastmotes      Fire/Tloc      6%         2d10      56%         3
 Passage of Golubria      Tloc           3%         N/A       93%         4
 Metabolic Englaciation   Hex/Ice        3%         N/A       97%         5
 Yara's Violent Unravell  Hex/Alch       1%         3d3       100%        5
 Sculpt Simulacrum        Ice/Alch       3%         N/A       100%        6
 Starburst                Conj/Fire      1%         6d3       100%        6
 Maxwell's Capacitive Co  Air            1%         ∞         100%        8


Dungeon Overview and Level Annotations

Branches:
Dungeon (14/15)            Vaults (0/5) D:13        Ossuary (visited)
 Temple: D:4-7         Lair: D:8-11         Orc: D:9-12

Altars:
Ashenzari
Gozag
Hepliaklqana
Nemelex Xobeh

Shops:
D:1 ??:[*

Annotations:
D:4 exclusions: iguana and scorpion
D:6 exclusions: black bear and sensed monster (detected)
D:8 exclusion: downstairs
D:9 exclusions: steam dragon and troll
D:10 exclusion: downstairs
D:12 exclusions: manticore, upstairs and vampire
D:13 exclusions: deep troll and 2 sensed monsters (detected)


Innate Abilities, Weirdness & Mutations

You cannot be hasted, slowed, berserked, paralysed or teleported.
You can dig through walls and to a lower floor.
You have a pair of large antennae on your head. (SInv)
Your four strong arms can wield two-handed weapons with a shield.


Message History

You feel sick.
* * * LOW HITPOINT WARNING * * *
You feel sick.
* * * LOW HITPOINT WARNING * * *
You feel sick.
You are no longer poisoned.
You start resting.
An orc warrior comes into view. It is wielding a +0 short sword.
You start resting.
HP restored.
A two-headed ogre comes into view. It is wielding two +0 giant clubs.
You open the door.
A cane toad comes into view.
The cane toad croaks.
You hear a loud, deep croak!
You hear a bellow!
You hear a shout!
You hear a bellow! x2
There is an open door here.
You extend your mandibles.
You dig through the rock wall.
You feel drained.
You retract your mandibles.
There is a stone staircase leading up here.
The cane toad stings you.
You climb upwards.
Level annotation: exclusions: steam dragon and troll
There is a stone staircase leading down here.
You hit the cane toad but do no damage. The cane toad stings you!
You are poisoned.
The cane toad poisons you!
You puncture the cane toad! You freeze the cane toad.
The cane toad is moderately wounded.
You feel extremely sick. The cane toad stings you!!
* * * LOW HITPOINT WARNING * * *
You are more poisoned.
The cane toad poisons you! The cane toad barely misses you.
Okay, then.
Unknown command.
Unknown command.
Okay, then.
Unknown command.
You die...

##.#,## **,,,**,,,,,,,......#######
*#.#******,*********,#.......yy{..
*...,,,,,,* *,#.$.,.#######
*,###****** *,...,,,******* *,*
*,..,,,,,,,,,,* *,* *,.,,,,,*****,*
*,* *,,,*,*,*****,* *,*
*,,,*,*,,,,,,,, *,* *,>,*,*,,****,*
*,* **,,,*,,,,,,,,,* **,**
*,,,,*,*,,****** **.^,**
*,*,,*,*,,** *,D..,**
*,*,,,,,,,,***** ,,.....###########
*,*,,,,,,,,,,,,,
,,...............##*,***,,,,,,,,,,,
<,.....####.......#*,* **,**,*,****
*,....#####.####..#*,* *,**,*,*
#*.,.######.####.@#*,* *,**,*,*
#**,######...###.>##.# *,**,,,*
##**#.............F..# *,,,,,,****
.,,...####...###..#### ******,,,,,
#***#######.####..#***************,
# #######.####....,,,,,,,,,,,,,,, #
#######.#####.###************,, *
#######.#####.#*,,{,,* *,,
#######.#####.#*,,,,,* **,
#######.#####..,,,,,,* *,
#######.#######*,,,,,* *,
#######.#######*,,,,,*********,
#######.#######***,,,,,,,,,,,,,
#######.####### **************
###########.# ............#
#############


You could see a cane toad.

Vanquished Creatures
  A troll (D:9)
  A kobold brigand (D:9)
  2 wights (Ossuary)
  A burial acolyte (Ossuary)
  2 hounds
  2 sleepcaps
  A mummy (Ossuary)
  A gnoll (D:3)
  5 adders
  2 ribbon worms (D:2)
  2 orcs (D:4)
  4 ball pythons
  2 bats (D:1)
  7 endoplasms
  2 giant cockroaches (D:2)
  5 goblins
  6 hobgoblins
  8 jackals
  2 quokkas
  A frilled lizard (D:2)
  11 gnoll skeletons (Ossuary)
  9 kobolds
  3 kobold skeletons (Ossuary)
  6 orc skeletons (Ossuary)
  3 rats
89 creatures vanquished.

Notes
Turn   | Place    | Note
-------+----------+-------------------------------------------
     0 | D:5      | petzl the Formicid Delver began the quest for the Orb.
     0 | D:5      | Reached XP level 1. HP: 18/18 MP: 1/1
     0 | D:5      | Found a broken altar of Ashenzari.
    26 | D:5      | Noticed an iguana
   164 | D:4      | Reached skill level 1 in Spellcasting
   199 | D:4      | Noticed a scorpion
   230 | D:4      | Noticed an iguana
   293 | D:4      | Noticed a hound
   303 | D:4      | Killed a hound
   304 | D:4      | Reached XP level 2. HP: 13/24 MP: 5/5
   304 | D:4      | Reached XP level 3. HP: 15/29 MP: 7/7
   437 | D:3      | Found a sparkling altar of Nemelex Xobeh.
   683 | D:3      | Reached XP level 4. HP: 34/35 MP: 8/8
  1240 | D:1      | Found Wasayledd's Antique Armour Boutique.
  1537 | D:1      | Found Buzy's Assorted Antiques.
  1542 | D:1      | Bought a scroll labelled EKAFEWI XAJER for 27 gold pieces
  1542 | D:1      | Bought a scroll labelled MUULUHALYRCH for 27 gold pieces
  1634 | D:1      | Found Zuustie's Magic Scroll Shoppe.
  1644 | D:1      | Found Waeddaew's Magic Scroll Boutique.
  1651 | D:1      | Bought a scroll of identify for 20 gold pieces
  1678 | D:1      | Found Oceilas's Book Shoppe.
  2112 | D:1      | Reached XP level 5. HP: 34/41 MP: 11/11
  2505 | D:3      | Found a faded altar of an unknown god.
  3128 | D:4      | Reached skill level 5 in Spellcasting
  3303 | D:4      | Found a hazy altar of Hepliaklqana.
  3618 | D:4      | You fall into a shaft and drop 2 floors!
  3620 | D:6      | Noticed a black bear
  3847 | D:6      | You fall into a shaft and drop 3 floors!
  3964 | D:9      | Learned a level 3 spell: Ozocubu's Armour
  3977 | D:9      | Noticed a troll
  4015 | D:9      | Killed a troll
  4016 | D:9      | Reached XP level 6. HP: 48/48 MP: 14/14
  4016 | D:9      | Reached XP level 7. HP: 54/54 MP: 15/15
  4016 | D:9      | Noticed a troll
  4033 | D:9      | You fall into a shaft and drop 3 floors!
  4038 | D:12     | Identified a scroll of acquirement
  4040 | D:12     | Acquired 1124 gold pieces
  4057 | D:12     | Noticed a boulder beetle
  4069 | D:12     | You fall into a shaft and drop 1 floor!
  4173 | D:14     | Noticed a tengu warrior
  4249 | D:13     | Found a gate to the Vaults.
  4249 | D:13     | Noticed a deep troll
  4318 | D:12     | Noticed a manticore
  4338 | D:11     | Noticed a shadow
  4358 | D:12     | Noticed a vampire
  4361 | D:11     | Noticed a yak
  4365 | D:10     | Entered Level 10 of the Dungeon
  4393 | D:9      | Noticed a steam dragon
  4433 | D:9      | Found an opulent altar of Gozag.
  4888 | D:7      | Found a sand-covered staircase.
  4897 | Ossuary  | Entered an ossuary
  5510 | Ossuary  | HP: 1/49 [wight/+0 trident (2)]
  5512 | Ossuary  | Reached skill level 5 in Fighting
  5802 | D:7      | You fall into a shaft and drop 3 floors!
  5806 | D:10     | HP: 2/52 [poisoned by an orc]
  5995 | D:10     | Noticed a two-headed ogre
  5999 | D:10     | Noticed a cane toad
  6013 | D:9      | HP: 2/49 [cane toad (22)]
  6014 | D:9      | Succumbed to a cane toad's poison

Illustrated notes

Levels and vault maps discovered:
D:1:      minmay_arrival_split_and_join, layout_loops_cross, serial_shops, shop,
          nicolae_shop_just_a_little_nook, nicolae_shop_hallway_stairs, shop,
          shop, minmay_hedge_maze
D:2:      layout_rooms
D:3:      layout_loops_cross, nemelex_xobeh_ov_fountains_minmay, serial_rivers,
          chequers_serial_rivers_micro_d, chequers_serial_rivers_micro_c,
          chequers_serial_rivers_large_a, chequers_serial_rivers_small_3,
          chequers_serial_rivers_micro_c, chequers_serial_rivers_large_b,
          hellmonk_ecumenical_altar_zigzags
D:4:      layout_gridville, kennysheep_little_box, minmay_misc_feat_plants
D:5:      layout_cave_pools, cheibrodos_ashenzari_chains,
          minmay_temple_entry_arrows, minmay_crossroads
D:6:      layout_basic, mainiacjoe_overflow_swirl, jmf_multi_god_temple2,
          mainiacjoe_overflow_brackets
D:7:      layout_layer_cave, enter_ossuary_1
D:8:      layout_loops_cross, nicolae_dithmenos_through_a_glass_darkly,
          ploomutoo_gammafunk_ghost_potion_laboratory,
          minmay_misc_feat_diagonals, nicolae_water_bricks
D:9:      layout_loops_ring, grunt_gozag_statues
D:10:     layout_grid_maze, dpeg_lair_monsters,
          kennysheep_orc_monster_closet_entryway, serial_shops,
          nicolae_shop_stone, kennysheep_path_1, kennysheep_boxes
D:11:     hangedman_cross_stitches, layout_basic,
          nicolae_trove_entry_path_of_doom, minivault_8
D:12:     nicolae_aperiodic_l_corner, layout_long_grid,
          nicolae_ru_the_path_less_chosen
D:13:     layout_gridville, hellmonk_vaults_attempted_burglary, tso_metal_star
D:14:     layout_basic, kennysheep_another_room

Skill      XL: |  1  2  3  4  5  6  7 |
---------------+----------------------+-----
Spellcasting   | 2 3 4 5 6 |  6.3
Fighting       | 4 5 |  5.0
Ice Magic      | 2 3 |  3.3
Maces & Flails | |  2.0
Dodging        | |  1.7
Stealth        | |  6.0

Action                     |  1- 3 |  4- 6 |  7- 9 || total
---------------------------+-------+-------+-------++-------
  Melee: Mace              |    32 |   100 |       ||   132
         Spear             |       |    89 |    68 ||   157
         Morningstar       |       |       |     2 ||     2
  Throw: Dart              |     3 |     5 |       ||     8
         Boomerang         |       |     7 |    61 ||    68
   Cast: Ozocubu's Armour  |       |       |     1 ||     1
Ability: Shaft Self        |       |     3 |     3 ||     6
         Dig               |       |       |     2 ||     2
  Evoke: Wand              |       |     3 |     3 ||     6
    Use: Scroll            |       |     2 |    15 ||    17
         Potion            |       |     2 |     3 ||     5
   Stab: Sleeping          |     3 |    11 |       ||    14
 Armour: Leather armour    |    34 |   127 |    71 ||   232
  Dodge: Dodged            |    23 |   140 |    36 ||   199

Table legend: (Time is in decaauts)
 A = Elapsed time spent in this place.
 B = Non-inter-level travel time spent in this place.
 C = Inter-level travel time spent in this place.
 D = Time resting spent in this place.
 E = Time spent auto-exploring this place.
 F = Levels seen in this place.
 G = Mean time per level.
                   A        B        C        D        E       F      G
               +--------+--------+--------+--------+--------+-----+--------+
         Total |   6178 |   6055 |    123 |   1501 |   2215 |  15 |  411.9 |
       Dungeon |   5266 |   5143 |    123 |   1102 |   2167 |  14 |  376.1 |
       Ossuary |    911 |    911 |      0 |    399 |     48 |   1 |  911.0 |
               +--------+--------+--------+--------+--------+-----+--------+

Top non-repeatable levels by time:
     D:3: 1111 daAuts
     D:4: 1023 daAuts
 Ossuary: 911 daAuts
     D:1: 911 daAuts
     D:2: 678 daAuts
     D:9: 478 daAuts
     D:6: 220 daAuts
    D:10: 217 daAuts
    D:13: 162 daAuts
     D:7: 138 daAuts
    D:12: 136 daAuts
     D:8: 114 daAuts
     D:5: 40 daAuts
    D:14: 26 daAuts
    D:11: 7 daAuts
